 Dungeon Crawl Stone Soup version 0.32-a0-791-gfc315c9ecd (webtiles) character file.

Game seed: 11341515114551456341

9 GigaNiga123 the Trooper (level 2, 0/29 HPs)
             Began as a Gnoll Wanderer on Mar 20, 2024.
             Constricted to death by a ball python (1 damage)
             ... on level 1 of the Dungeon.
             The game lasted 00:03:06 (227 turns).

GigaNiga123 the Trooper (Gnoll Wanderer)             Turns: 227, Time: 00:03:07

Health: 0/29       AC:  3    Str: 15    XL:     2   Next: 12%
Magic:  5/5        EV:  0    Int:  7    God:
Gold:   52         SH:  7    Dex: 11    Spells: 5/6 levels left

rFire   . . .        a - +3 dagger
rCold   . . .        g - +0 kite shield
rNeg    . . .        d - +0 leather armour
rPois   .            (no helmet)
rElec   .            (no cloak)
rCorr   .            (no gloves)
SInv    .            (no boots)
Will    .....        (no amulet)
Stlth   ++           (no ring)
HPRegen 0.24/turn    (no ring)
MPRegen 0.09/turn

%: no passive effects
@: constricted
A: fangs 1, strong nose, distributed training
a: no special abilities


You were on level 1 of the Dungeon.
You visited 1 branch of the dungeon, and saw 1 of its levels.

You collected 52 gold pieces.

Inventory:

Hand Weapons
 a - a +3 dagger (weapon)
Missiles
 b - 4 curare-tipped darts
 e - 6 atropa-tipped darts (quivered)
Armour
 d - a +0 leather armour (worn)
 g - a +0 kite shield (worn)
Potions
 c - a potion of lignification
 f - a potion of curing {unknown}


   Skills:
 + Level 6.4 Fighting
 + Level 0.3 Short Blades
 + Level 0.3 Long Blades
 + Level 0.3 Axes
 + Level 0.3 Maces & Flails
 + Level 0.3 Polearms
 + Level 0.3 Staves
 + Level 0.3 Ranged Weapons
 + Level 4.4 Throwing
 + Level 2.4 Armour
 + Level 2.4 Dodging
 + Level 2.2 Stealth
 + Level 0.3 Shields
 + Level 0.3 Unarmed Combat
 + Level 2.7 Spellcasting
 + Level 0.2 Conjurations
 + Level 0.2 Hexes
 + Level 0.2 Summonings
 + Level 0.2 Necromancy
 + Level 0.2 Translocations
 + Level 0.2 Fire Magic
 + Level 2.0 Ice Magic
 + Level 0.2 Air Magic
 + Level 0.2 Earth Magic
 + Level 0.2 Alchemy
 + Level 0.4 Invocations
 + Level 0.3 Evocations
 + Level 0.2 Shapeshifting


You had 5 spell levels left.
You knew the following spells:

 Your Spells              Type           Power      Damage    Failure   Level
a - Freeze                Ice            12%        1d3       56%         1

Your spell library contained the following spells:

 Spells                   Type           Power      Damage    Failure   Level
 Ozocubu's Armour         Ice            3%         N/A       90%         3


Dungeon Overview and Level Annotations

Branches:
Dungeon (1/15)

Altars:


Innate Abilities, Weirdness & Mutations

You have very sharp teeth.
Your uncanny sense of smell can sniff out nearby items.
Your experience applies equally to all skills.


Message History

The ball python bites you but does no damage.
The ball python constricts you.
You closely miss the ball python. You block the ball python's attack.
The ball python constricts you. The frilled lizard bites you.
You hit the frilled lizard.
You kill the frilled lizard!
You block the ball python's attack. The ball python constricts you.
You block the ball python's attack. The ball python constricts you.
You closely miss the ball python. The rat bites you.
The ball python bites you but does no damage.
The ball python constricts you.
You hit the rat.
The rat is moderately wounded.
The ball python bites you but does no damage.
The ball python constricts you. The rat bites you.
You barely miss the rat. Your bite misses the rat.
The rat is moderately wounded.
The ball python bites you. The ball python constricts you. The rat bites you.
The ball python bites you.
* * * LOW HITPOINT WARNING * * *
The ball python constricts you. You block the rat's attack.
You hit the rat.
You kill the rat!
The ball python bites you.
* * * LOW HITPOINT WARNING * * *
The ball python constricts you.
* * * LOW HITPOINT WARNING * * *
You escape the ball python's grasp.
You see here a rat corpse.
You closely miss the ball python. You block the ball python's attack. x2
The ball python bites you.
* * * LOW HITPOINT WARNING * * *
You block the ball python's attack.
You closely miss the ball python.
The ball python bites you but does no damage.
The ball python closely misses you.
You closely miss the ball python. The ball python bites you.
* * * LOW HITPOINT WARNING * * *
The ball python grabs you. The ball python constricts you.
You die...

....l....##.....# #.# #.
#.###....##.....# #.# #.
#..#.##.....## #.# #.
#..#.#.......# #.# ..
#..#.#.......# ##
##..#.#.......# #####
.>......†.....####..<###
.......S.......♣P##.##PP
.......@.......~~~#.#~~~
..............♣~~~~~~~~~
.......###.#..#~~~#.#P~~
....... .....PP##.##P~
..##... ....### ...### .
#... ##### ####### ....
.... ..... ...# . .


You could see a ball python.

Vanquished Creatures
  3 endoplasms (D:1)
  A hobgoblin (D:1)
  A quokka (D:1)
  A frilled lizard (D:1)
  2 rats (D:1)
8 creatures vanquished.

Notes
Turn   | Place    | Note
-------+----------+-------------------------------------------
     0 | D:1      | GigaNiga123 the Gnoll Wanderer began the quest for the Orb.
     0 | D:1      | GigaNiga123 set off with the following items: a +3 dagger,
                  | 4 curare-tipped darts, a potion of lignification, a +0
                  | leather armour; and the following spell memorised: Freeze;
                  | and the following spells available to memorise: Ozocubu's
                  | Armour.
     0 | D:1      | Reached XP level 1. HP: 23/23 MP: 4/4
    91 | D:1      | Reached XP level 2. HP: 16/29 MP: 5/5
   227 | D:1      | HP: 1/29 [ball python (2)]
   227 | D:1      | Constricted to death by a ball python

Illustrated notes

Levels and vault maps discovered:
D:1:      sevenhm_arrival_forest_fort_small_4, layout_basic

Skill      XL: |  1 |
---------------+----+-----
Ice Magic      | 2 |  2.0
Fighting       | |  6.4
Short Blades   | |  0.3
Long Blades    | |  0.3
Axes           | |  0.3
Maces & Flails | |  0.3
Polearms       | |  0.3
Staves         | |  0.3
Ranged Weapons | |  0.3
Throwing       | |  4.4
Armour         | |  2.4
Dodging        | |  2.4
Stealth        | |  2.2
Shields        | |  0.3
Unarmed Combat | |  0.3
Spellcasting   | |  2.7
Conjurations   | |  0.2
Hexes          | |  0.2
Summonings     | |  0.2
Necromancy     | |  0.2
Translocations | |  0.2
Fire Magic     | |  0.2
Air Magic      | |  0.2
Earth Magic    | |  0.2
Alchemy        | |  0.2
Invocations    | |  0.4
Evocations     | |  0.3
Shapeshifting  | |  0.2

Action                     || total
---------------------------++-------
  Melee: Dagger            ||    34
         Bite              ||     3
  Throw: Dart              ||     8
 Armour: Leather armour    ||    35
  Dodge: Dodged            ||    13
  Block: Kite shield       ||     7

Table legend: (Time is in decaauts)
 A = Elapsed time spent in this place.
 B = Non-inter-level travel time spent in this place.
 C = Inter-level travel time spent in this place.
 D = Time resting spent in this place.
 E = Time spent auto-exploring this place.
 F = Levels seen in this place.
 G = Mean time per level.
                   A        B        C        D        E       F      G
               +--------+--------+--------+--------+--------+-----+--------+
         Total |    230 |    100 |    130 |      0 |      0 |   1 |  230.0 |
       Dungeon |    230 |    100 |    130 |      0 |      0 |   1 |  230.0 |
               +--------+--------+--------+--------+--------+-----+--------+

Top non-repeatable levels by time:
     D:1: 230 daAuts
